Map: Persephone LE

Players

ByuN

  • Race: Terran Terran
  • Spawn Location: 11:00

Rogue - Winner!

  • Race: Zerg Zerg
  • Spawn Location: 7:00

VOD

Have the link to the VOD?

Description

Time

  • Played on: Aug. 13, 2025, 9:21 a.m.
  • Length: 12:05
Show
View Real Time Build Order
Export as new Build Order

ByuN Terran 

Build Orders: Gas First Reaper Expand, Liberator Opening 

Get SALT Encoding   

  12  0:00  SCV  
  13  0:12  SCV  
  14  0:17  Supply Depot  
  14  0:24  SCV  
  14  0:27  Refinery  
  15  0:38  SCV  
  16  0:44  Barracks  
  16  0:50  SCV  
  17  1:02  SCV  
  18  1:14  SCV  
  19  1:30  Reaper, Orbital Command  
  20  1:41  Command Center  
  20  1:51  Factory  
  20  1:56  SCV  
  21  2:01  Refinery  
  21  2:05  Barracks Reactor  
  21  2:08  SCV  
  22  2:12  Supply Depot  
  22  2:20  SCV  
  23  2:34  SCV  
  24  2:38  Starport  
  24  2:46  SCV  
  24  2:49  Hellion x2  
  29  2:52  Marine  
  29  2:55  Orbital Command  
  30  2:58  SCV  
  31  3:10  SCV, Hellion x2  
  36  3:17  Liberator  
  39  3:23  SCV x2  
  41  3:31  Supply Depot  
  41  3:35  SCV x2  
  43  3:41  Barracks Tech Lab  
  43  3:42  Hellion  
  45  3:49  SCV  
  45  3:53  SCV, Hellion  
  49  4:00  Marine  
  49  4:01  SCV, Stimpack  
  49  4:02  Starport Reactor  
  51  4:05  SCV, Barracks  
  51  4:08  Supply Depot  
  52  4:11  Engineering Bay  
  53  4:18  Marine  
  53  4:20  SCV  
  54  4:25  Factory Tech Lab  
  54  4:26  Barracks  
  54  4:30  SCV  
  55  4:31  Supply Depot  
  55  4:33  SCV  
  55  4:36  Refinery  
  56  4:39  Terran Infantry Weapons Level 1  
  56  4:42  SCV  
  56  4:43  Marine  
  56  4:45  Siege Tank  
  61  4:47  SCV  
  61  4:52  Starport Reactor  
  62  4:54  SCV  
  62  4:59  SCV  
  64  5:01  Marine  
  64  5:05  Marine x2  
  64  5:06  SCV  
  65  5:09  Barracks  
  65  5:10  Barracks  
  65  5:11  SCV  
  66  5:14  Supply Depot  
  66  5:16  Marine x2  
  66  5:17  Supply Depot  
  66  5:19  Marine  
  69  5:25  Siege Tank  
  69  5:26  Marine x2  
  69  5:27  Refinery  
  69  5:28  SCV x2  
  76  5:32  Medivac  
  78  5:36  Medivac  
  78  5:39  Marine x2  
  78  5:42  Combat Shield, Marine  
  83  5:46  Marine x2  
  85  5:57  Marine x4  
  85  6:00  Marine  
  85  6:02  Siege Tank  
  85  6:03  Marine  
  94  6:08  Supply Depot  
  94  6:12  Supply Depot  
  94  6:15  Marine x4  
  98  6:22  Marine x2  
  98  6:24  Marine  
  101  6:29  Medivac x2  
  101  6:31  Supply Depot  
  105  6:34  Terran Infantry Armor Level 1  
  105  6:35  Marine x2  
  107  6:49  Marine  
  107  6:50  Marine  
  107  6:52  Marine  
  107  6:53  Marine x3  
  106  7:02  Marine  
  106  7:07  Marine x2  
  106  7:08  Medivac x2  
  91  7:09  Marine  
  91  7:11  Marine x3  
  91  7:16  Siege Tank  
  91  7:20  Marine  
  95  7:25  Marine x2  
  95  7:27  Marine  
  95  7:29  Marine x2  
  100  7:36  Marine  
  101  7:38  Marine  
  101  7:42  Liberator  
  101  7:43  Liberator, Marine x2  
  110  7:45  Marine  
  110  7:46  Marine  
  110  7:47  Marine  
  113  7:54  Marine  
  113  7:56  Marine  
  109  8:01  Marine x2  
  109  8:03  Marine  
  109  8:04  Marine x2  
  107  8:09  Siege Tank  
  107  8:12  Armory, Marine  
  110  8:14  Marine  
  110  8:18  Marine  
  110  8:19  Marine  
  113  8:21  Marine  
  113  8:22  Marine x2  
  116  8:30  Marine  
  116  8:32  Marine  
  118  8:36  Marine  
  118  8:38  Marine  
  118  8:39  Marine  
  121  8:41  Siege Tank  
  121  8:50  Marine  
  121  8:52  Marine x2  
  121  8:53  Marine  
  121  8:54  Liberator x2, Marine  
  122  8:56  Marine x2  
  124  9:08  Marine  
  124  9:09  Marine  
  119  9:10  Marine  
  119  9:11  Marine  
  119  9:12  Marine  
  119  9:13  Marine  
  119  9:14  Marine  
  105  9:26  Marine  
  105  9:27  Marine  
  105  9:28  Marine  
  105  9:29  Marine  
  105  9:30  Marine  
  104  9:31  Marine  
  104  9:32  Marine  
  104  9:36  Siege Tank  
  104  9:38  Terran Infantry Weapons Level 2  
  103  9:44  Marine  
  103  9:45  Marine  
  104  9:46  Marine x2  
  104  9:48  Marine  
  104  9:49  Marine  
  104  9:50  Marine  
  94  10:00  Engineering Bay  
  94  10:02  Marine  
  94  10:03  Marine x2  
  94  10:04  Marine  
  94  10:05  Medivac x2, Marine  
  103  10:07  Marine  
  103  10:08  Siege Tank, Marine  
  108  10:19  Marine  
  108  10:21  Marine  
  110  10:22  Marine  
  110  10:23  Marine x2  
  110  10:28  Marine x2  
  113  10:35  Medivac x2  
  119  10:37  Marine  
  119  10:39  Marine  
  119  10:42  SCV x2  
  124  10:52  Marine x2  
  124  10:54  Marine, Barracks Tech Lab  
  124  10:55  Barracks Tech Lab, Supply Depot  
  126  10:59  Supply Depot  
  126  11:01  Marine x2  
  110  11:11  Marine  
  110  11:12  Marine  
  110  11:17  Marine  
  113  11:18  Marine  
  105  11:31  Marauder x2, Marine x2  
  91  11:33  Widow Mine x2  
  91  11:34  Marine  
  91  11:35  SCV  
  91  11:36  SCV, Marine  
Show
View Real Time Build Order
Export as new Build Order

Rogue Zerg - Winner!

Build Orders: Hatch First 

Get SALT Encoding   

  12  0:00  Drone  
  13  0:12  Overlord  
  13  0:16  Drone  
  14  0:30  Drone x2  
  16  0:46  Hatchery  
  16  0:48  Drone  
  16  0:52  Drone  
  16  0:55  Drone  
  18  1:06  Extractor  
  18  1:11  Spawning Pool  
  16  1:13  Drone  
  16  1:17  Drone  
  18  1:27  Drone  
  19  1:38  Drone  
  20  1:48  Drone  
  21  1:58  Queen x2  
  21  1:59  Zergling x4  
  27  2:09  Metabolic Boost  
  27  2:10  Zergling x2  
  27  2:11  Overlord  
  28  2:29  Hatchery  
  27  2:30  Drone  
  27  2:32  Drone  
  30  2:37  Drone x2  
  30  2:42  Overlord  
  31  2:49  Queen  
  33  2:53  Drone  
  33  2:55  Drone  
  33  2:57  Drone  
  36  3:03  Drone  
  37  3:06  Drone  
  37  3:10  Drone x3  
  41  3:15  Overlord  
  41  3:18  Drone  
  41  3:19  Drone  
  43  3:20  Drone  
  44  3:33  Queen x2  
  48  3:34  Drone x2  
  48  3:39  Zergling x4  
  52  3:43  Zergling x6  
  55  3:51  Zergling x4  
  57  3:58  Drone  
  57  3:59  Overlord  
  57  4:00  Overlord  
  58  4:02  Overlord  
  58  4:07  Overlord  
  58  4:17  Queen x2  
  58  4:18  Queen  
  58  4:22  Evolution Chamber  
  64  4:24  Drone x3  
  64  4:26  Drone  
  64  4:28  Drone x2  
  64  4:30  Drone  
  70  4:34  Drone  
  70  4:35  Drone  
  72  4:41  Drone x2, Spore Crawler  
  72  4:42  Drone  
  72  4:43  Drone  
  74  4:46  Drone  
  74  4:47  Drone  
  74  4:50  Drone x2  
  78  4:58  Zerg Ground Armor Level 1  
  78  5:04  Drone x4  
  78  5:06  Drone x2  
  80  5:07  Drone  
  80  5:09  Overlord  
  80  5:11  Overlord  
  81  5:26  Evolution Chamber, Drone  
  81  5:27  Hatchery, Drone x6  
  81  5:28  Extractor  
  85  5:30  Lair  
  85  5:35  Drone  
  85  5:38  Extractor  
  85  5:39  Zergling x2  
  85  5:40  Zergling x14  
  92  5:44  Extractor  
  91  5:52  Zergling x6  
  91  5:54  Hatchery  
  93  5:58  Zergling x8  
  93  5:59  Baneling Nest  
  96  6:04  Drone  
  96  6:08  Zergling x2  
  96  6:09  Zergling x6  
  101  6:11  Zerg Melee Weapons Level 1  
  101  6:12  Zergling x4  
  101  6:13  Zergling x4  
  101  6:14  Overlord  
  101  6:15  Overlord  
  105  6:26  Overlord  
  105  6:29  Overlord  
  105  6:32  Overlord  
  105  6:34  Zergling x2  
  105  6:35  Zergling x2  
  105  6:36  Zergling x4  
  105  6:37  Zergling x2  
  111  6:40  Zergling x4, Queen x2  
  111  6:41  Queen  
  111  6:43  Zergling x2, Centrifugal Hooks  
  111  6:44  Baneling x3  
  119  6:48  Zergling x6  
  119  6:51  Zergling x4  
  119  6:53  Zergling x4  
  125  6:56  Zergling x6  
  114  7:02  Zergling x2  
  114  7:03  Zergling x2  
  114  7:04  Zergling x6  
  114  7:06  Zergling x2  
  114  7:08  Zergling x2  
  100  7:10  Zergling x2  
  100  7:13  Zergling x2, Zerg Ground Armor Level 2  
  100  7:14  Zergling x6  
  101  7:16  Baneling x2  
  101  7:17  Zergling x2, Baneling  
  101  7:18  Zergling x2  
  103  7:23  Zergling x8  
  103  7:26  Baneling x7  
  103  7:27  Zergling x2  
  103  7:28  Zergling x4  
  103  7:29  Zergling x2  
  111  7:30  Baneling  
  108  7:38  Zergling x8, Baneling  
  108  7:39  Queen  
  108  7:41  Zergling x2  
  108  7:42  Zergling x2  
  116  7:45  Zergling x2  
  116  7:46  Zergling x2  
  116  7:47  Overseer  
  116  7:49  Overlord  
  118  7:52  Zergling x4  
  118  7:53  Zergling x2  
  118  7:54  Zergling x4  
  111  7:58  Overlord  
  111  7:59  Zergling x2  
  111  8:00  Drone x3  
  111  8:02  Drone  
  111  8:04  Drone x3  
  111  8:07  Zergling x2  
  111  8:11  Zerg Melee Weapons Level 2  
  110  8:14  Zergling x4, Baneling x3  
  110  8:18  Zergling x2  
  110  8:19  Zergling x2  
  114  8:22  Zergling x2  
  114  8:25  Zergling x2  
  116  8:32  Queen, Burrow  
  117  8:37  Zergling x2  
  117  8:38  Zergling x8  
  117  8:39  Baneling x9  
  122  8:46  Zergling x2  
  122  8:47  Zergling x8  
  122  8:48  Zergling x6  
  121  8:51  Zergling x4  
  121  8:54  Zergling x2  
  121  8:55  Zergling x6  
  124  8:57  Zergling x6  
  124  8:58  Baneling  
  124  8:59  Zergling x2, Baneling  
  124  9:02  Zergling x2  
  129  9:03  Queen  
  129  9:04  Queen  
  129  9:09  Queen  
  127  9:13  Zergling x2  
  121  9:18  Zergling x2  
  121  9:19  Zergling x12  
  121  9:20  Zergling x2  
  125  9:25  Zergling x2  
  125  9:28  Zergling x2  
  125  9:29  Zergling x8  
  127  9:32  Zergling x2  
  127  9:37  Baneling x6  
  124  9:40  Overlord x2  
  124  9:41  Overlord  
  124  9:46  Overlord  
  124  9:51  Zergling x2  
  124  9:52  Zergling x2  
  118  9:56  Zergling x2, Overlord, Baneling x3  
  118  10:03  Queen x2  
  118  10:04  Queen  
  124  10:08  Zergling x26  
  137  10:15  Hydralisk Den  
  137  10:18  Zergling x2, Hatchery  
  137  10:20  Zergling x12  
  141  10:22  Zergling x2  
  141  10:28  Zergling x2  
  143  10:31  Zergling x4  
  143  10:32  Zergling x2, Overlord  
  146  10:37  Drone x2  
  148  10:43  Infestation Pit  
  148  10:47  Drone x3  
  148  10:48  Overlord, Drone  
  148  10:49  Overlord  
  151  10:52  Overlord, Pneumatized Carapace  
  151  10:54  Overlord  
  151  10:57  Baneling x7  
  151  10:58  Zergling x2, Baneling x9  
  151  11:02  Baneling x3  
  151  11:03  Zergling x4, Baneling x3  
  151  11:06  Zergling x2  
  151  11:08  Zergling x2  
  151  11:09  Zergling x6  
  150  11:14  Zergling x12  
  150  11:16  Zergling x2  
  150  11:17  Zergling x4  
  150  11:18  Zergling x2  
  142  11:30  Zergling x20  
  142  11:32  Zergling x2  
  145  11:36  Zergling x2  
  145  11:38  Zergling x4  
  145  11:39  Zergling x2  
  148  11:40  Zergling x6  
  148  11:43  Zergling x2  
  148  11:44  Zergling x6  
Tags
 
Add a new tag
Caveats
  • Supply blocks, unpowered buildings, or Contaminate may cause inaccurate times.
  • Supply counts are checked every 10 seconds.